 Dungeon Crawl Stone Soup version 0.31.0-11-ge490571c62 (webtiles) character file.

Game seed: 12062845904808624947

991 ProzacElf the Cleaver (level 8, -12/64 HPs)
             Began as a Hill Orc Fighter on Feb 3, 2024.
             Was a Believer of the Shining One.
             Mangled by Pikel
             ... wielding a +2 whip of electrocution
              (14 damage)
             ... on level 5 of the Dungeon.
             The game lasted 00:06:16 (4228 turns).

ProzacElf the Cleaver (Hill Orc Fighter)            Turns: 4228, Time: 00:06:16

Health: -12/64     AC: 13    Str: 21    XL:     8   Next: 18%
Magic:  12/13      EV:  7    Int:  8    God:    the Shining One [**....]
Gold:   231        SH: 13    Dex: 10    Spells: 7/7 levels left

rFire   . . .        a - +0 war axe
rCold   . . .        c - +0 buckler
rNeg    + + .        e - +0 chain mail
rPois   .            (no helmet)
rElec   .            p - scarf {repulsion}
rCorr   .            h - +1 pair of gloves
SInv    .            (no boots)
Will    ++...        (no amulet) Stlth
                     t - ring of positive energy
HPRegen 0.30/turn    (no ring)
MPRegen 0.13/turn

%: repel missiles
@: divinely shielded, enlightened, flying, glowing
A: iridescent scales 1, strong-willed 1, wild magic 1
a: Renounce Religion, Divine Shield


You were on level 5 of the Dungeon.
You worshipped the Shining One.
The Shining One was pleased with you.
You visited 1 branch of the dungeon, and saw 5 of its levels.

You collected 231 gold pieces.

Inventory:

Hand Weapons
 a - a +0 war axe (weapon)
 b - a +0 morningstar
Missiles
 q - 5 poisoned darts (quivered)
 r - 6 boomerangs
Armour
 c - a +0 buckler (worn)
 e - a +0 chain mail (worn)
 h - a +1 pair of gloves (worn)
 p - a scarf of repulsion (worn)
 s - a +0 scale mail
Jewellery
 n - a ring of fire
 t - a ring of positive energy (left hand)
Wands
 u - a wand of light (8)
 x - a wand of digging (2)
Scrolls
 g - 4 scrolls of identify {unknown}
 j - 2 scrolls of fear {unknown}
 l - a scroll of immolation {unknown}
 m - a scroll of blinking {unknown}
 o - a scroll of teleportation {unknown}
 v - a scroll of poison {unknown}
Potions
 d - a potion of might
 f - a potion of mutation


   Skills:
 - Level 3.6 Fighting
 + Level 8.9 Axes
 - Level 3.2 Armour
 - Level 2.2 Stealth
 - Level 3.2 Shields
 + Level 7.4 Invocations


You had 7 spell levels left.
You didn't know any spells.
Your spell library contained the following spells:

 Spells                   Type           Power      Damage    Failure   Level
 Sting                    Conj/Alch      0%         1d3       99%         1
 Mercury Vapours          Alch/Air       0%         N/A       100%        2
 Call Canine Familiar     Summ           0%         N/A       100%        3
 Sigil of Binding         Hex            0%         N/A       100%        3
 Dimensional Bullseye     Hex/Tloc       0%         N/A       100%        4
 Olgreb's Toxic Radiance  Alch           0%         N/A       100%        4


Dungeon Overview and Level Annotations

Branches:
Dungeon (5/15)
 Temple: D:4-7

Altars:
Dithmenos
Gozag
Ru
Sif Muna
The Shining One

Annotations:
D:5 Pikel


Innate Abilities, Weirdness & Mutations

You are partially covered in iridescent scales. (AC +2)
You are strong-willed. (Will+)
Your spells are a little harder to cast, but a little more powerful.


Message History

Ye be confused.
It was a potion o' mutation.
Ye feel 'stremely strange.
Iridescent scales grow o'er part o' yer body.
Ye feel less in control o' yer magic.
Ye feel strong-willed.
Pikel zaps a wand.
Ye resist wit' almost nay effort.
It was a potion o' heal wounds.
Ye feel much better.
Pikel hits ye but does nay damage.
Ye regain'd 28 hp, an' now haf 44/64 hp.
Ye bump inta tha rock wall.
Pikel hits ye but does nay damage.
Ye be electrocuted!!
Ye take 18 damage, an' haf 26/64 hp.
MASSIVE DAMAGE!!
Ye bump inta tha rock wall.
Pikel hits ye but does nay damage.
Ye be electrocuted!!
* * * LOW HITPOINT WARNIN'
* * * Ye take 20 damage, an' haf 6/64 hp.
MASSIVE DAMAGE!!
Ye feel much better.
Ye feel less confused.
Ye block Pikel's attack.
Ye regain'd 17 hp, an' now haf 23/64 hp.
It was a potion o' 'nlightenmn't.
Ye feel very buoyant.
Ye fly up inta tha air.
Ye block Pikel's attack.
It was a potion o' curin'.
Ye feel better.
Pikel completely misses ye.
Ye regain'd 6 hp, an' now haf 30/64 hp.
Ye hit Pikel but do nay damage.
Pikel be severely wounded.
Pikel hits ye wit' a +2 whip o' electrocution.
Ye be electrocuted!
* * * LOW HITPOINT WARNIN'
* * * Ye take 18 damage, an' haf 12/64 hp.
MASSIVE DAMAGE!!
Ye hit Pikel.
Pikel be severely wounded.
Pikel hits ye but does nay damage.
Ye hit Pikel but do nay damage.
Pikel be severely wounded.
Pikel hits ye wit' a +2 whip o' electrocution!
* * * LOW HITPOINT WARNIN'
* * * Ye be electrocuted!
Ye die...
Pikel says, "Anuthar soul fer tha market."

## #. .### #. .....########
#. ..##........###.
........##......
#.##..#.##..###.
########.##..........##
####
#.....@K.###.#.##..#...
......#####..###.........).
## ... ####........########
.. ..# #......###### # #.
#.# # #.##.#.# #
.##..##.##^# #.##.#.# #
...........# #....#.# #
#..)<...# #..###.#
#...[...# #..# #.#


You could see Pikel.

Vanquished Creatures
  Prince Ribbit (D:5)
  Eustachio (D:5)
  2 phantoms (D:4)
  2 lemures (D:5)
  2 scorpions
  3 orc priests
  3 iguanas
  2 orc wizards
  8 adders
  4 gnolls (D:5)
  A white imp (D:5)
  2 dart slugs
  A ribbon worm (D:2)
  4 orcs
  5 bats
  3 endoplasms
  5 giant cockroaches
  4 goblins
  5 hobgoblins
  5 jackals
  4 kobolds
  5 quokkas
  7 ball pythons
  7 frilled lizards
  8 rats
94 creatures vanquished.

Notes
Turn   | Place    | Note
-------+----------+-------------------------------------------
     0 | D:1      | ProzacElf the Hill Orc Fighter began the quest for the Orb.
     0 | D:1      | Reached XP level 1. HP: 19/19 MP: 1/1
   121 | D:1      | Reached skill level 3 in Axes
   170 | D:1      | Reached XP level 2. HP: 20/26 MP: 2/2
   201 | D:1      | Reached skill level 1 in Stealth
   569 | D:1      | Reached XP level 3. HP: 30/31 MP: 3/3
   892 | D:2      | Reached skill level 4 in Axes
  1041 | D:2      | Reached XP level 4. HP: 38/39 MP: 4/4
  1215 | D:2      | Found a faded altar of an unknown god.
  1223 | D:2      | Prayed at the altar of an unknown god.
  1223 | D:2      | Became a worshipper of the Shining One
  1223 | D:2      | Reached * piety under the Shining One
  1658 | D:3      | Reached skill level 1 in Invocations
  1661 | D:3      | Found a shimmering blue altar of Sif Muna.
  1666 | D:3      | Found an opulent altar of Gozag.
  1790 | D:3      | Reached skill level 5 in Axes
  1795 | D:3      | Reached XP level 5. HP: 36/45 MP: 6/6
  1943 | D:3      | You fall into a shaft and drop 1 floor!
  2061 | D:4      | Found a shadowy altar of Dithmenos.
  2493 | D:4      | Found a sacrificial altar of Ru.
  2541 | D:4      | Noticed a phantom
  2555 | D:4      | Killed a phantom
  2556 | D:4      | Reached skill level 6 in Axes
  2556 | D:4      | Reached XP level 6. HP: 43/51 MP: 7/9
  3322 | D:5      | Entered Level 5 of the Dungeon
  3322 | D:5      | Noticed a two-headed ogre
  3348 | D:4      | Reached skill level 7 in Axes
  3348 | D:4      | Reached skill level 5 in Invocations
  3348 | D:4      | Reached XP level 7. HP: 40/57 MP: 10/10
  3775 | D:5      | Noticed Prince Ribbit
  3775 | D:5      | Reached ** piety under the Shining One
  3799 | D:5      | Killed Prince Ribbit
  3800 | D:5      | Reached skill level 8 in Axes
  4106 | D:5      | Noticed Eustachio
  4111 | D:5      | Killed Eustachio
  4112 | D:5      | Reached XP level 8. HP: 62/64 MP: 13/13
  4207 | D:5      | Noticed Pikel
  4219 | D:5      | Gained mutation: You are partially covered in iridescent
                  | scales. (AC +2) [potion of mutation]
  4219 | D:5      | Gained mutation: Your spells are a little harder to cast,
                  | but a little more powerful. [potion of mutation]
  4219 | D:5      | Gained mutation: You are strong-willed. (Will+) [potion of
                  | mutation]
  4228 | D:5      | HP: 2/64 [Pikel/+2 whip of electrocution (11)]
  4228 | D:5      | Mangled by Pikel

Illustrated notes

Levels and vault maps discovered:
D:1:      nagdon_arrival_double_spiral, layout_basic
D:2:      layout_loops_ring, hellmonk_ecumenical_altar_crossroads,
          hangedman_decor_growths
D:3:      minmay_skewed_foursquare, layout_loops_ring, minitemple
D:4:      layout_loops_corners, grunt_dithmenos_smoke, nicolae_ru_awakened_eye
D:5:      layout_loops_cross, minmay_temple_entry_statues_fountains,
          serial_glass, glass_columns_a, glass_columns_b, item_on_display_a,
          minmay_strange_pillars, feat_on_display, uniq_prince_ribbit1,
          uniq_pikel, uniq_eustachio

Skill      XL: |  1  2  3  4  5  6  7 |
---------------+----------------------+-----
Axes           | 3 4 5 6 7 8 |  8.9
Stealth        | 1 2 |  2.2
Invocations    | 1 4 5 7 |  7.4
Fighting       | |  3.6
Armour         | |  3.2
Shields        | |  3.2

Action                     |  1- 3 |  4- 6 |  7- 9 || total
---------------------------+-------+-------+-------++-------
  Melee: War axe           |    84 |   117 |    74 ||   275
  Throw: Dart              |       |       |     4 ||     4
 Invoke: Divine Shield     |       |       |     1 ||     1
    Use: Potion            |       |       |     5 ||     5
 Armour: Scale mail        |    36 |       |       ||    36
         Chain mail        |    30 |    87 |    62 ||   179
  Dodge: Dodged            |    25 |    35 |    22 ||    82
  Block: Buckler           |    25 |    23 |    15 ||    63

Action                     |  1- 3 |  4- 6 |  7- 9 || total
---------------------------+-------+-------+-------++-------
  Melee: War axe           |    84 |   117 |    74 ||   275
  Throw: Dart              |       |       |     4 ||     4
 Invoke: Divine Shield     |       |       |     1 ||     1
    Use: Potion            |       |       |     5 ||     5
 Armour: Scale mail        |    36 |       |       ||    36
         Chain mail        |    30 |    87 |    62 ||   179
  Dodge: Dodged            |    25 |    35 |    22 ||    82
  Block: Buckler           |    25 |    23 |    15 ||    63

Levels and vault maps discovered:
D:1:      nagdon_arrival_double_spiral, layout_basic
D:2:      layout_loops_ring, hellmonk_ecumenical_altar_crossroads,
          hangedman_decor_growths
D:3:      minmay_skewed_foursquare, layout_loops_ring, minitemple
D:4:      layout_loops_corners, grunt_dithmenos_smoke, nicolae_ru_awakened_eye
D:5:      layout_loops_cross, minmay_temple_entry_statues_fountains,
          serial_glass, glass_columns_a, glass_columns_b, item_on_display_a,
          minmay_strange_pillars, feat_on_display, uniq_prince_ribbit1,
          uniq_pikel, uniq_eustachio
